 Dungeon Crawl Stone Soup version 0.29.0-4-gdea44cf6ec (webtiles) character file.

Game seed: 8535316355061160912

106 qw the Chopper (level 4, 0/31 (36) HPs)
             Began as a Barachi Chaos Knight on Sept 7, 2022.
             Slain by an iguana (2 damage)
             ... on level 4 of the Dungeon.
             The game lasted 00:01:11 (4015 turns).

qw the Chopper (Barachi Chaos Knight)               Turns: 4015, Time: 00:01:11

HP:   0/31 (36)     AC:  3    Str: 19      XL:     4   Next: 84%
MP:   4/4           EV: 10    Int: 11      God:
Gold: 270           SH:  0    Dex: 10 (11) Spells: 3/3 levels left

rFire   . . .      SeeInvis .   Y - +0 hand axe (chaos)
rCold   . . .      Faith    .   (no shield)
rNeg    . . .      Spirit   .   e - +0 ring mail
rPois   .          Reflect  .   (no helmet)
rElec   .          Harm     .   (no cloak)
rCorr   .          Rampage  .   (no gloves)
Will    .....                   (no boots)
Stlth   ..........              (no amulet)
HPRegen 0.10/turn               (no ring)
MPRegen 0.09/turn               (no ring)

@: heavily drained, unable to drink, slow
A: amphibious, slowness 1, strong legs 1, +LOS, deformed body, strong 1,
inability to drink after injury 1
a: Hop


You were on level 4 of the Dungeon.
You visited 1 branch of the dungeon, and saw 4 of its levels.

You collected 270 gold pieces.


Innate Abilities, Weirdness & Mutations

You are amphibious.
You cover ground slowly.
You can hop short distances.
You have an extended range of vision and can be seen from far away.
Armour fits poorly on your strangely shaped body.
Your muscles are strong. (Str +4, Int/Dex -1)
You occasionally lose the ability to drink potions when taking damage.


   Skills:
 - Level 3.6 Fighting
 + Level 5.7 Axes
 - Level 1.0 Throwing
 - Level 2.4 Armour
 - Level 1.1 Dodging


You had 3 spell levels left.
You didn't know any spells.
Your spell library was empty.

Inventory:

Hand Weapons
 n - a +0 whip
 Y - a +0 hand axe of chaos (weapon)
Missiles
 d - a javelin (quivered)
Armour
 e - a +0 ring mail (worn)
Scrolls
 a - a scroll of identify
Potions
 b - a potion of curing
 f - a potion of haste
 h - a potion of resistance
 j - a potion of might
 l - a potion of mutation {unknown}
 m - a potion of heal wounds {unknown}
Miscellaneous
 c - a piece from Xom's chessboard (15/15)

Dungeon Overview and Level Annotations

Branches:
Dungeon (4/15)
 Temple: D:4-7

Altars:


Message History

An iguana comes into view.
The iguana hisses angrily.
Throw: 5 javelins
Press: ? - help, Q - select action Shift-Dir - straight line, f - iguana You throw a javelin.
The javelin pierces through the iguana!
The iguana is heavily wounded.
Throw: 4 javelins
Press: ? - help, Q - select action Shift-Dir - straight line, f/p - iguana You throw a javelin.
The javelin pierces through the iguana but does no damage.
The iguana is heavily wounded.
Throw: 3 javelins
Press: ? - help, Q - select action Shift-Dir - straight line, f/p - iguana You throw a javelin.
The javelin pierces through the iguana.
The iguana is severely wounded.
Throw: 2 javelins
Press: ? - help, Q - select action Shift-Dir - straight line, f/p - iguana You throw a javelin.
The javelin pierces through the iguana.
The iguana is severely wounded.
You hit the iguana but do no damage.
The iguana is severely wounded.
The iguana closely misses you.
You barely miss the iguana.
The iguana is severely wounded.
The iguana bites you.
You closely miss the iguana.
The iguana is severely wounded.
The iguana bites you!
You hit the iguana but do no damage.
The iguana is severely wounded.
The iguana barely misses you.
You hit the iguana.
The iguana flickers and vanishes!
Deactivating autopickup; reactivate with Ctrl-A.
Something bites you!
You feel threatened and lose the ability to drink potions!
You hit something but do no damage. Something bites you.
You miss something. Something bites you.
You die...

########### #.........#
..###.........###########
(......{@................
#.#####.#####.#########.#
#. #.# #.##.# ..
#.######....# ...
#.#......#### ....
#.#.###### ..... #.#....#
#####. #.#..#.# #.
#.#..#.#


There were no monsters in sight!

Vanquished Creatures
  An iguana (D:3)
  3 adders
  3 ball pythons
  4 bats
  5 endoplasms
  2 giant cockroaches
  6 goblins
  8 hobgoblins
  4 jackals (D:1)
  6 kobolds
  A frilled lizard (D:1)
  6 rats
49 creatures vanquished.

Vanquished Creatures (others)
  4 toadstools (D:2)
  2 withered plants (D:1)
6 creatures vanquished.

Grand Total: 55 creatures vanquished

Notes
Turn   | Place    | Note
-------+----------+-------------------------------------------
     0 | D:1      | qw the Barachi Chaos Knight began the quest for the Orb.
     0 | D:1      | Reached XP level 1. HP: 18/18 MP: 1/1
     0 | D:1      | 0 ||| qw: Version: 0.1-a-108-g9e35731
     0 | D:1      | 0 ||| qw: Game counter: 6428
     0 | D:1      | 0 ||| qw: Always use a shield: true
     0 | D:1      | 0 ||| qw: God list: Okawaru
     0 | D:1      | 0 ||| qw: Allow faded altars: false
     0 | D:1      | 0 ||| qw: Do Orc after D:15 true
     0 | D:1      | 0 ||| qw: Do second Lair branch before Depths: true
     0 | D:1      | 0 ||| qw: Lair rune preference: random
     0 | D:1      | 0 ||| qw: Plans: Normal
     0 | D:1      | 0 ||| PLANNING D:1-11
     0 | D:1      | Fell from the grace of Xom
   145 | D:1      | XOM: 1-stop teleportation journey
   355 | D:1      | 355 ||| Stepping ~*~*~tactically~*~*~ (stealth).
   356 | D:1      | 356 ||| Stepping ~*~*~tactically~*~*~ (stealth).
   363 | D:1      | Reached XP level 2. HP: 13/24 MP: 2/2
   367 | D:1      | Reached skill level 4 in Axes
   478 | D:1      | XOM: noise
   537 | D:1      | Found a faded altar of an unknown god.
   566 | D:1      | 566 ||| Stepping ~*~*~tactically~*~*~ (stealth).
   567 | D:1      | 567 ||| Stepping ~*~*~tactically~*~*~ (stealth).
   575 | D:1      | 575 ||| Stepping ~*~*~tactically~*~*~ (stealth).
   576 | D:1      | 576 ||| Stepping ~*~*~tactically~*~*~ (stealth).
   578 | D:1      | 578 ||| Stepping ~*~*~tactically~*~*~ (stealth).
  1118 | D:1      | 1118 ||| DROPPING +0 club.
  1144 | D:1      | Reached XP level 3. HP: 25/29 MP: 3/3
  1359 | D:1      | 1359 ||| UPGRADING to +0 ring mail.
  1369 | D:1      | 1369 ||| DROPPING +2 leather armour.
  1370 | D:1      | 1370 ||| READING 2 scrolls labelled OMIRHUDUD.
  1371 | D:1      | 1371 ||| READING scroll labelled XALEYTTORPH.
  1467 | D:2      | 1467 ||| STAIRDANCE
  1558 | D:2      | Reached skill level 5 in Axes
  1683 | D:2      | XOM: summons 2 hostile demons
  1703 | D:2      | HP: 6/29 [crimson imp[Xom] (3)]
  1718 | D:2      | XOM: give mutations
  1718 | D:2      | Gained mutation: Your muscles are strong. (Str +4, Int/Dex
                  | -1) [Xom's mischief]
  1718 | D:2      | Gained mutation: You occasionally lose the ability to drink
                  | potions when taking damage. [Xom's mischief]
  1728 | D:2      | XOM: 5-stop teleportation journey
  1730 | D:2      | HP: 7/29 [kobold/stone (1)]
  2103 | D:2      | XOM: give mutation
  2103 | D:2      | Gained mutation: Armour fits poorly on your strangely
                  | shaped body. [Xom's mischief]
  2147 | D:2      | Reached XP level 4. HP: 36/36 MP: 4/4
  2204 | D:2      | XOM: summons 3 hostile shadow creatures
  2827 | D:2      | 2827 ||| DRINKING 2 glowing emerald potions.
  2828 | D:2      | 2828 ||| READING 4 scrolls of identify.
  2828 | D:2      | 2828 ||| IDENTIFYING white potion
  2829 | D:2      | 2829 ||| READING 3 scrolls of identify.
  2829 | D:2      | 2829 ||| IDENTIFYING black potion
  2830 | D:2      | 2830 ||| READING 2 scrolls of identify.
  2830 | D:2      | 2830 ||| IDENTIFYING sedimented orange potion
  2831 | D:2      | 2831 ||| DROPPING potion of brilliance.
  2901 | D:3      | Reached skill level 1 in Throwing
  2953 | D:3      | XOM: god gift: falchion {god gift}
  3252 | D:3      | 3252 ||| Stepping ~*~*~tactically~*~*~ (stealth).
  3253 | D:3      | 3253 ||| Stepping ~*~*~tactically~*~*~ (stealth).
  3257 | D:3      | 3257 ||| Stepping ~*~*~tactically~*~*~ (stealth).
  3258 | D:3      | 3258 ||| Stepping ~*~*~tactically~*~*~ (stealth).
  3267 | D:3      | 3267 ||| Stepping ~*~*~tactically~*~*~ (stealth).
  3289 | D:3      | 3289 ||| Stepping ~*~*~tactically~*~*~ (stealth).
  3291 | D:3      | 3291 ||| Stepping ~*~*~tactically~*~*~ (stealth).
  3293 | D:3      | 3293 ||| Stepping ~*~*~tactically~*~*~ (stealth).
  3426 | D:3      | XOM: draining
  3565 | D:3      | 3565 ||| READING scroll labelled JILUHUSELERCH.
  3566 | D:3      | 3566 ||| READING 3 scrolls of identify.
  3566 | D:3      | 3566 ||| IDENTIFYING fizzy inky potion
  3567 | D:3      | 3567 ||| READING 2 scrolls of identify.
  3567 | D:3      | 3567 ||| IDENTIFYING brown potion
  3568 | D:3      | 3568 ||| DROPPING potion of flight.
  3596 | D:3      | XOM: torment (17/31 hp)
  4013 | D:4      | HP: 5/31 [something (12)]
  4014 | D:4      | HP: 2/31 [something (3)]
  4015 | D:4      | Slain by an iguana

Levels and vault maps discovered:
D:1:      lemuel_arrival_river_bridge, layout_basic,
          shapermc_ecumenical_altar_flowoftime
D:2:      layout_basic, hex_large, minmay_gold_behind_fungi
D:3:      layout_rooms
D:4:      layout_basic

Skill      XL: |  1  2  3  4 |
---------------+-------------+-----
Axes           | 4 5 |  5.7
Throwing       | 1 |  1.0
Fighting       | |  3.6
Armour         | |  2.4
Dodging        | |  1.1

Action                   |  1- 3 |  4- 6 || total
-------------------------+-------+-------++-------
Melee: Hand axe          |   140 |    38 ||   178
       Punch             |     2 |       ||     2
Throw: Javelin           |     1 |    20 ||    21
Invok: Renounce Religion |     1 |       ||     1
  Use: Scroll            |     2 |     6 ||     8
       Potion            |       |     1 ||     1
 Stab: Sleeping          |     1 |       ||     1
       Petrified         |     1 |       ||     1
Armor: Leather armour    |    31 |       ||    31
       Ring mail         |    48 |     8 ||    56
Dodge: Dodged            |    97 |    17 ||   114

Table legend:
 A = Non-vault XP
 B = Vault XP
 C = Vault XP percentage of total XP
 D = Non-vault monster count
 E = Vault monster count
 F = Vault count percentage of total count
                 A         B        C        D         E       F
            +---------+---------+-------+---------+---------+-------
      Total |     152 |       0 |   0.0 |      49 |       0 |   0.0
            +---------+---------+-------+---------+---------+-------
        D:1 |      43 |       0 |   0.0 |      24 |       0 |   0.0
        D:2 |      44 |       0 |   0.0 |      14 |       0 |   0.0
        D:3 |      65 |       0 |   0.0 |      11 |       0 |   0.0
            +---------+---------+-------+---------+---------+-------
